 Dungeon Crawl Stone Soup version 0.27-a0-906-g0a00ce863d (webtiles) character file.

Game seed: 3253775178141885088

5578 mhtbhm the Basher (level 10, -2/63 HPs)
             Began as a Gargoyle Berserker on Apr 7, 2021.
             Was an Elder of Trog.
             Slain by an enormous slime creature (43 damage)
             ... on level 9 of the Dungeon.
             The game lasted 00:09:57 (11090 turns).

mhtbhm the Basher (Gargoyle Berserker)             Turns: 11090, Time: 00:09:58

Health: -2/63      AC: 25    Str: 25    XL:     10   Next: 72%
Magic:  10/10      EV: 11    Int:  7    God:    Trog [****..]
Gold:   475        SH: 23    Dex:  9    Spells: 9/9 levels left

rFire    + . .     SeeInvis .   a - +1 mace (protect)
rCold    . . .     Faith    .   e - +2 tower shield
rNeg     + . .     Spirit   .   b - +0 scale mail
rPois    ∞         Reflect  +   (no helmet)
rElec    +         Harm     .   (no cloak)
rCorr    .         Rampage  .   p - +0 pair of gloves
Will     .....                  x - +0 pair of boots
Stlth    ..........             q - amulet of reflection
HPRegen  0.20/turn              A - +4 ring of evasion
MPRegen  0.12/turn              r - ring of protection from fire

@: protection aura, on berserk cooldown, slowed, very slow
A: AC +7, negative energy resistance 1, electricity resistance, torment
resistance 1, unbreathing 1, petrification resistance
a: Renounce Religion, Berserk, Trog's Hand, Brothers in Arms


You were on level 9 of the Dungeon.
You worshipped Trog.
Trog was greatly pleased with you.
You visited 1 branch of the dungeon, and saw 9 of its levels.

You collected 475 gold pieces.

Inventory:

Hand Weapons
 a - a +1 mace of protection (weapon)
Missiles
 m - 3 javelins (quivered)
Armour
 b - a +0 scale mail (worn)
 e - a +2 tower shield (worn)
 p - a +0 pair of gloves (worn)
 x - a +0 pair of boots (worn)
Jewellery
 q - an amulet of reflection (around neck)
 r - a ring of protection from fire (right hand)
 y - a ring of willpower
 A - a +4 ring of evasion (left hand)
Wands
 s - a wand of flame (9)
Scrolls
 c - 2 scrolls of holy word
 d - 3 scrolls of teleportation
 j - 3 scrolls of fear
 o - 3 scrolls of magic mapping
 u - a scroll of immolation {unknown}
 v - a scroll of vulnerability {unknown}
 w - a scroll of blinking {unknown}
Potions
 f - a potion of lignification
 g - 2 potions of cancellation
 h - a potion of attraction
 i - 5 potions of curing
 k - a potion of flight
 n - a potion of heal wounds
 B - a potion of brilliance {unknown}


   Skills:
 + Level 7.5 Fighting
 + Level 10.1 Maces & Flails
 + Level 0.2 Throwing
 + Level 8.0 Armour
 + Level 4.4 Dodging
 + Level 1.9 Stealth
 + Level 6.5 Shields


You had 9 spell levels left.
You didn't know any spells.
Your spell library was empty.

Dungeon Overview and Level Annotations

Branches:
Dungeon (9/15)             Temple (0/1) D:7
   Lair: D:8-11         Orc: D:9-12

Altars:
Nemelex Xobeh
Qazlal
Sif Muna
Uskayaw
Xom
Yredelemnul
The Shining One

Shops:
D:5 [


Innate Abilities, Weirdness & Mutations

Your stone body is resilient. (AC +7)
You are immune to poison.
You resist negative energy. (rN+)
You are resistant to electric shocks. (rElec)
You are resistant to unholy torment.
You can survive without breathing.
You are immune to petrification.


Message History

The large slime creature is moderately wounded.
You block the large slime creature's attack.
You block the orc's attack.
Two slime creatures merge to form a very large slime creature.
You barely miss the very large slime creature.
The very large slime creature is lightly wounded.
Two slime creatures merge to form an enormous slime creature.
The orc priest casts a cantrip, but nothing happens.
You block the orc's attack.
You bludgeon the enormous slime creature!!
The enormous slime creature is moderately wounded.
You hit the enormous slime creature.
The enormous slime creature is moderately wounded.
You block the orc's attack.
You sock the enormous slime creature!
The enormous slime creature is moderately wounded.
You block the orc's attack.
You sock the enormous slime creature!
The enormous slime creature is moderately wounded.
The enormous slime creature barely misses you.
You block the orc's attack.
You thump the enormous slime creature!
The enormous slime creature is heavily wounded.
The enormous slime creature misses you. You block the orc's attack.
You sock the enormous slime creature!
The enormous slime creature is heavily wounded.
You block the enormous slime creature's attack.
You thump the enormous slime creature!
The enormous slime creature is heavily wounded.
You are no longer berserk.
You are exhausted.
You feel yourself slow down. You block the orc's attack.
You block the enormous slime creature's attack.
You sock the enormous slime creature!
The enormous slime creature is heavily wounded.
The orc hits you but does no damage.
You block the enormous slime creature's attack.
You block the orc's attack. The enormous slime creature hits you!!!
Ouch! That really hurt!
You die...

#### #.#...#
#.#...#
#.#...#
#.....#
#.....#
#.....#
#.###.# #.#
#.# #.###@#
#...Jo#
#....o#
#.....#
+.###.#
#+#####.###.#
............#
....J.......#
......J.....#


You could see an enormous slime creature, an orc priest and an orc.

Vanquished Creatures
  A two-headed ogre (D:9)
  Pikel (D:8)
  An ugly thing (D:6)
  3 hornets
  The ghost of mhtbhm the Covered, an amateur MiFi of Lugonu (D:4)
  A wraith (D:7)
  2 water moccasins
  4 black bears
  3 orc warriors
  A necrophage (D:7)
  4 ogres
  An ice beast (D:6)
  A lemure (D:8)
  2 kobold brigands
  4 bullfrogs
  2 scorpions (D:6)
  A gnoll sergeant (D:8)
  4 wights (D:7)
  A howler monkey (D:6)
  A jelly (D:6)
  A centaur zombie (D:8)
  A hound (D:6)
  4 bullfrog zombies
  2 orc priests
  2 bullfrog skeletons (D:5)
  A centaur skeleton (D:7)
  Natasha (thrice) (D:2)
  6 orc wizards
  4 iguanas
  2 hound zombies (D:4)
  A hound skeleton (D:5)
  2 howler monkey zombies
  9 gnolls
  10 adders
  A shadow imp (D:7)
  2 white imps
  4 ufetubi
  3 adder zombies (D:4)
  An adder skeleton (D:4)
  3 worms (D:2)
  A dart slug (D:1)
  30 orcs
  4 ball pythons (D:1)
  4 endoplasms
  2 giant cockroaches
  7 goblins
  5 hobgoblins
  3 jackals (D:4)
  5 quokkas
  5 bats
  3 frilled lizards
  A jackal zombie (D:4)
  7 kobolds
  A quokka skeleton (D:4)
  4 rats
183 creatures vanquished.

Vanquished Creatures (others)
  An orc wizard (D:4)
1 creature vanquished.

Grand Total: 184 creatures vanquished

Notes
Turn   | Place    | Note
-------+----------+-------------------------------------------
     0 | D:1      | mhtbhm the Gargoyle Berserker began the quest for the Orb.
     0 | D:1      | Reached XP level 1. HP: 14/14 MP: 1/1
   246 | D:1      | Reached XP level 2. HP: 19/19 MP: 2/2
   895 | D:2      | Reached XP level 3. HP: 24/24 MP: 3/3
  1191 | D:2      | Reached ** piety under Trog
  1339 | D:2      | Reached XP level 4. HP: 29/29 MP: 4/4
  1356 | D:2      | Noticed Natasha
  1368 | D:2      | Killed Natasha
  1447 | D:2      | Noticed Natasha
  1452 | D:2      | Killed Natasha
  1453 | D:2      | Reached skill level 4 in Maces & Flails
  1538 | D:2      | Reached XP level 5. HP: 33/33 MP: 5/5
  1952 | D:2      | Noticed Natasha
  1961 | D:2      | Killed Natasha
  2150 | D:2      | Found a basalt altar of Yredelemnul.
  2752 | D:3      | Reached XP level 6. HP: 39/39 MP: 6/6
  2838 | D:3      | Noticed a black bear
  2848 | D:3      | Killed a black bear
  2849 | D:3      | Reached skill level 5 in Maces & Flails
  3819 | D:4      | Reached XP level 7. HP: 21/44 MP: 7/7
  4050 | D:4      | Found a shimmering blue altar of Sif Muna.
  4061 | D:4      | Reached skill level 5 in Fighting
  4099 | D:4      | Reached *** piety under Trog
  4381 | D:4      | Reached skill level 6 in Maces & Flails
  5009 | D:4      | Found a large runed translucent door.
  5009 | D:4      | Found a large runed translucent door.
  5061 | D:4      | Noticed mhtbhm's ghost (amateur MiFi)
  5307 | D:4      | Killed mhtbhm's ghost
  5308 | D:4      | Reached XP level 8. HP: 50/50 MP: 8/8
  5360 | D:5      | Entered Level 5 of the Dungeon
  5401 | D:5      | Reached skill level 1 in Shields
  5432 | D:5      | Found a shimmering altar of Xom.
  6133 | D:5      | Reached skill level 7 in Maces & Flails
  6194 | D:5      | Reached skill level 5 in Armour
  6234 | D:5      | Found Teuvaab's Armour Boutique.
  6361 | D:6      | Noticed a cyan ugly thing
  7436 | D:6      | Killed a cyan ugly thing
  7437 | D:6      | Reached skill level 8 in Maces & Flails
  7437 | D:6      | Reached XP level 9. HP: 55/55 MP: 9/9
  7790 | D:6      | Reached **** piety under Trog
  7791 | D:6      | Reached skill level 1 in Stealth
  8063 | D:6      | Noticed a hornet
  8077 | D:6      | Killed a hornet
  8078 | D:6      | Reached skill level 9 in Maces & Flails
  8891 | D:7      | Noticed a hornet
  8900 | D:7      | Killed a hornet
  9483 | D:7      | Reached XP level 10. HP: 63/63 MP: 10/10
  9926 | D:7      | Found a staircase to the Ecumenical Temple.
 10009 | D:8      | Found a stormy altar of Qazlal.
 10351 | D:8      | Noticed Pikel
 10379 | D:8      | Killed Pikel
 10455 | D:8      | Reached skill level 5 in Shields
 10590 | D:8      | Found a sparkling altar of Nemelex Xobeh.
 10594 | D:8      | Found a hide-covered altar of Uskayaw.
 10595 | D:8      | Found a glowing golden altar of the Shining One.
 10808 | D:9      | Noticed a two-headed ogre
 10818 | D:9      | Killed a two-headed ogre
 10819 | D:9      | Reached skill level 10 in Maces & Flails
 11090 | D:9      | Slain by an enormous slime creature

Illustrated notes

Levels and vault maps discovered:
D:1:      dpeg_arrival_radiant, layout_basic
D:2:      kennysheep_six_static_rooms, layout_basic, basic_altar,
          minmay_misc_feat_x, uniq_natasha
D:3:      layout_loops_corners
D:4:      cheibrodos_quashed, layout_loops_cross, kennysheep_orc_sif_temple,
          ebering_ghost_disaster_area, serial_undead, serial_undead_c,
          serial_undead_d, serial_undead_e, serial_undead_a, minivault_1
D:5:      layout_rooms, lemuel_doored_altar, serial_shops, kennysheep_little_box
D:6:      minmay_clustersquares, layout_loops_ring
D:7:      layout_gridville, minmay_temple_entry_drinking_statues
D:8:      layout_loops_cross, marbit_many_paths, grunt_temple_overflow_open,
          serial_glass, glass_columns_b, glass_columns_a, uniq_pikel
D:9:      layout_stronghold

Skill      XL: |  1  2  3  4  5  6  7  8  9 10 |
---------------+-------------------------------+-----
Fighting       | 4 5 6 7 |  7.5
Dodging        | 2 3 4 |  4.4
Maces & Flails | 4 5 6 8 9 10 | 10.1
Armour         | 3 4 5 7 8 |  8.0
Shields        | 2 3 6 |  6.5
Stealth        | 1 |  1.9
Throwing       | |  0.2

Action                   |  1- 3 |  4- 6 |  7- 9 | 10-12 || total
-------------------------+-------+-------+-------+-------++-------
Melee: Mace              |    79 |    73 |   128 |   183 ||   463
       Flail             |       |    98 |   316 |       ||   414
Throw: Javelin           |       |       |     2 |       ||     2
Invok: Berserk           |       |     5 |    13 |     5 ||    23
  Use: Scroll            |       |     3 |    10 |     3 ||    16
Armor: Animal skin       |     6 |       |       |       ||     6
       Ring mail         |    41 |    57 |       |       ||    98
       Scale mail        |       |    42 |   247 |    72 ||   361
       Skin              |       |     1 |       |       ||     1
Dodge: Dodged            |    66 |   151 |   218 |    36 ||   471
Block: Other             |       |       |    86 |       ||    86
       Reflection        |       |       |     2 |     2 ||     4
       Tower shield      |       |       |       |   241 ||   241

Table legend: (Time is in decaauts)
 A = Elapsed time spent in this place.
 B = Non-inter-level travel time spent in this place.
 C = Inter-level travel time spent in this place.
 D = Time resting spent in this place.
 E = Time spent auto-exploring this place.
 F = Levels seen in this place.
 G = Mean time per level.
                   A        B        C        D        E       F      G
               +--------+--------+--------+--------+--------+-----+--------+
         Total |  11420 |  11314 |    106 |   3037 |   6289 |   9 | 1268.9 |
       Dungeon |  11420 |  11314 |    106 |   3037 |   6289 |   9 | 1268.9 |
               +--------+--------+--------+--------+--------+-----+--------+

Top non-repeatable levels by time:
     D:6: 2423 daAuts
     D:4: 1946 daAuts
     D:2: 1563 daAuts
     D:7: 1275 daAuts
     D:3: 1149 daAuts
     D:8: 1016 daAuts
     D:5: 1014 daAuts
     D:1: 857 daAuts
     D:9: 174 daAuts
